 Seeded DCSS version 0.29.1-15-g9cfb28693d (webtiles) character file.

Game seed: 1 (custom seed)

55921 Kazon the Fighter (level 14, -4/148 HPs)
             Began as an Ogre Gladiator on Mar 22, 2023.
             Was the Champion of Okawaru.
             Slain by a ten-headed hydra (12 damage)
             ... on level 13 of the Dungeon.
             The game lasted 01:39:14 (17813 turns).

Kazon the Fighter (Ogre Gladiator)                 Turns: 17813, Time: 01:39:15

Health: -4/148     AC: 12    Str: 23    XL:     14   Next: 79%
Magic:  21/21      EV: 15    Int:  9    God:    Okawaru [******]
Gold:   472        SH:  0    Dex: 18    Spells: 13/13 levels left

rFire   + + +      SeeInvis +   x - +2 executioner's axe (venom)
rCold   . . .      Faith    .   (shield currently unavailable)
rNeg    + + .      Spirit   .   G - +3 robe of Clouds {*Thunder rCloud rElec}
rPois   +          Reflect  .   a - +0 hat
rElec   +          Harm     .   g - +1 cloak "Sameig" {rN++ Str+2 SInv}
rCorr   .          Rampage  .   (gloves unavailable)
Will    +....                   (boots unavailable)
Stlth   ++++......              X - amulet "Odemouw" {Contam rPois rF+++ Regen+ Stlth+}
HPRegen 1.14/turn               L - +4 ring of protection
MPRegen 0.17/turn               w - +6 ring of dexterity

@: no status effects
A: large, unfitting armour, tough skin 1, beak, dopey 1
a: Renounce Religion, Heroism, Finesse, Duel


You were on level 13 of the Dungeon.
You worshipped Okawaru.
Okawaru was exalted by your worship.
You visited 3 branches of the dungeon, and saw 19 of its levels.

You collected 1397 gold pieces.
You spent 925 gold pieces at shops.

Inventory:

Hand Weapons
 q - a +5 flail of protection
 x - a +2 executioner's axe of venom (weapon)
Missiles
 d - 4 throwing nets
 l - 37 poisoned darts
 n - 15 boomerangs
 r - 9 large rocks
 A - 6 curare-tipped darts
 Q - 2 javelins (quivered)
 U - 3 silver javelins
Armour
 a - a +0 hat (worn)
 g - the +1 cloak "Sameig" (worn) {rN++ Str+2 SInv}
   (You acquired it on level 1 of the Dungeon)

   Str:       It affects your strength (+2).
   rN:        It greatly protects you from negative energy.
   SInv:      It lets you see invisible.
 G - the +3 robe of Clouds (worn) {*Thunder rCloud rElec}
   (Okawaru gifted it to you on level 3 of the Lair of Beasts)

   It occasionally creates storm clouds above nearby enemies.
   It grants its wearer immunity to clouds.
   rElec:     It insulates you from electricity.
Jewellery
 w - a +6 ring of dexterity (right hand)
 D - a ring of protection from cold
 L - a +4 ring of protection (left hand)
 N - a ring of protection from cold
 X - the amulet "Odemouw" (around neck) {Contam rPois rF+++ Regen+ Stlth+}
   (You bought it in a shop on level 8 of the Dungeon)

   [amulet of regeneration]

   rF:        It renders you almost immune to fire.
   rPois:     It protects you from poison.
   Contam:    It causes magical contamination when unequipped.
   Regen:     It increases your rate of health regeneration.
   Stlth:     It makes you more stealthy.
Wands
 z - a wand of mindburst (31)
 C - a wand of flame (33)
 I - a wand of paralysis (16)
 K - a wand of roots (11)
 R - a wand of polymorph (11)
Scrolls
 i - a scroll of identify
 m - a scroll of immolation
 p - 3 scrolls of poison {unknown}
 t - 5 scrolls of teleportation
 v - a scroll of magic mapping
 y - 4 scrolls of fog {unknown}
 E - 4 scrolls of enchant weapon {unknown}
 J - 3 scrolls of fear
 W - a scroll of silence
Potions
 b - 3 potions of berserk rage {unknown}
 e - a potion of mutation
 f - 3 potions of haste
 h - a potion of heal wounds
 o - 2 potions of flight
 u - 7 potions of lignification
 B - 3 potions of cancellation
 F - 2 potions of might
 H - 3 potions of curing
 S - 2 potions of invisibility
Miscellaneous
 j - a condenser vane
 P - a lightning rod (4/4)
 V - a phial of floods


   Skills:
 + Level 11.9 Fighting
 + Level 4.8 Short Blades
 + Level 0.5(7.9) Axes
 + Level 11.4 Maces & Flails
 + Level 3.1 Ranged Weapons
 + Level 8.1 Throwing
 + Level 4.6 Armour
 + Level 8.8 Dodging
 + Level 5.8 Stealth
 + Level 4.0 Shields
 * Level 10.1 Invocations
 * Level 7.8 Evocations


You had 13 spell levels left.
You didn't know any spells.
Your spell library contained the following spells:

 Spells                   Type           Power      Damage    Failure   Level
 Apportation              Tloc           0%         N/A       38%         1
 Magic Dart               Conj           0%         1d3       38%         1
 Necrotise                Necr           0%         1d4       38%         1
 Sting                    Tmut/Pois      0%         1d3       38%         1
 Poisonous Vapours        Pois/Air       0%         N/A       52%         2
 Mephitic Cloud           Conj/Pois/Air  0%         N/A       77%         3
 Ozocubu's Armour         Ice            0%         N/A       77%         3
 Olgreb's Toxic Radiance  Pois           0%         N/A       99%         4
 Blade Hands              Tmut           0%         N/A       100%        5
 Fireball                 Conj/Fire      0%         3d3       100%        5
 Iskenderun's Battlesphe  Conj           0%         2d6       100%        5
 Metabolic Englaciation   Hex/Ice        0%         N/A       100%        5
 Conjure Ball Lightning   Conj/Air       0%         3x3d6     100%        6
 Iron Shot                Conj/Erth      0%         9d1       100%        6
 Orb of Destruction       Conj           0%         9d5       100%        7
 Ozocubu's Refrigeration  Ice            0%         4d7       100%        7
 Summon Small Mammal      Summ           Unusable   N/A       N/A         1
 Call Imp                 Summ           Unusable   N/A       N/A         2
 Animate Armour           Summ/Erth      Unusable   N/A       N/A         4
 Simulacrum               Ice/Necr       Unusable   N/A       N/A         6

Dungeon Overview and Level Annotations

Branches:
Dungeon (13/15)            Temple (1/1) D:7            Lair (5/5) D:10
 Shoals (0/4) Lair:3       Spider (0/4) Lair:3        Slime (0/5) Lair:4
    Orc (0/2) D:12
 Vaults: D:13-14

Altars:
Ashenzari
Dithmenos
Elyvilon
Gozag
Hepliaklqana
Kikubaaqudgha
Makhleb
Nemelex Xobeh
Okawaru
Qazlal
Uskayaw
Xom
Jiyva

Shops:
D:3 (   D:8 ?(==   D:10 :


Innate Abilities, Weirdness & Mutations

You are too large for most types of armour.
You have tough skin. (AC +1)
You have a beak for a mouth.
You are dopey. (Int -2)


Message History

The ten-headed hydra closely misses you.
The ten-headed hydra bites you but does no damage.
The ten-headed hydra closely misses you.
The ten-headed hydra misses you.
The ten-headed hydra closely misses you.
The ten-headed hydra bites you.
* * * LOW HITPOINT WARNING * * *
Aiming: Paralyse
Press: ? - help, Shift-Dir - straight line, f/p - ten-headed hydra
Aim: a ten-headed hydra (severely wounded, very poisoned, chance to affect: 32%)
The ten-headed hydra easily resists.
The ten-headed hydra completely misses you.
The ten-headed hydra closely misses you.
The ten-headed hydra barely misses you.
The ten-headed hydra closely misses you.
The ten-headed hydra bites you.
* * * LOW HITPOINT WARNING * * *
The ten-headed hydra barely misses you.
The ten-headed hydra bites you but does no damage.
The ten-headed hydra bites you.
* * * LOW HITPOINT WARNING * * *
The ten-headed hydra bites you.
* * * LOW HITPOINT WARNING * * *
The ten-headed hydra bites you!
* * * LOW HITPOINT WARNING * * *
Throw: 3 javelins
Press: ? - help, Q - select action, (/) - cycle Shift-Dir - straight line, f - centaur warrior, p - ten-headed hydra
Aim: a centaur warrior (75% to hit)
You throw a javelin.
The javelin pierces through the ten-headed hydra.
The ten-headed hydra is severely wounded.
The javelin pierces through the centaur warrior but does no damage.
The javelin pierces through the centaur warrior!!
The centaur warrior is heavily wounded.
The ten-headed hydra bites you but does no damage.
The ten-headed hydra bites you!
* * * LOW HITPOINT WARNING * * *
The ten-headed hydra bites you but does no damage.
The ten-headed hydra bites you!
You die...

#..............#
#.............#
$#
#.............
.#
##...........#
.##
..####......#
.(### ..#
#.....## l...
..# #......####
.ยง# ..#
#....#..#.##D#
..#
#....##....@.#
###
#########.##$#
#..### ##..#
#... ####


You could see a ten-headed hydra (poisoned) and a basilisk.

Vanquished Creatures
  Rupert (D:12)
  Nessos (D:12)
  Azrael (D:13)
  Fannar (Lair:2)
  Erolcha (D:10)
  4 catoblepae
  3 two-headed ogres
  10 death yaks
  Lodul (D:12)
  A cyclops (D:12)
  A deep elf pyromancer (D:13)
  An ugly thing (D:10)
  5 elephants (Lair:4)
  3 manticores
  5 black mambas
  11 cane toads
  Maggie (D:6)
  4 rime drakes
  2 unseen horrors
  4 kobold demonologists (D:11)
  15 komodo dragons
  A tengu conjurer (D:12)
  4 trolls
  Prince Ribbit (D:9)
  A meliai (shapeshifter) (D:13)
  17 blink frogs
  A polar bear (Lair:4)
  5 dream sheep (Lair:4)
  A snapping turtle (Lair:3)
  2 shadows
  2 vampires
  2 fire elementals (D:13)
  2 wraiths (D:12)
  63 yaks
  5 wyverns
  3 basilisks
  Eustachio (D:5)
  2 steam dragons
  Menkaure (D:5)
  Edmund (D:6)
  2 acid dragons
  16 water moccasins
  2 hell hounds (D:13)
  5 orc warriors
  An ice beast (D:8)
  5 sky beasts
  2 black bears (D:6)
  5 centaurs
  7 ogres
  A wolf (D:10)
  2 phantoms (D:6)
  3 kobold brigands
  3 necrophages
  6 bullfrogs
  A gnoll sergeant (D:7)
  9 scorpions
  21 wights
  3 killer bees (D:10)
  3 electric eels
  A howler monkey (D:5)
  2 jellies (D:6)
  6 hounds
  7 orc priests
  A gnoll bouda (D:7)
  6 iguanas
  4 orc wizards
  4 hell rats (Lair:3)
  Robin (D:3)
  15 gnolls
  13 adders
  3 shadow imps
  2 white imps
  An ufetubus (D:5)
  4 worms
  37 orcs
  11 endoplasms
  3 giant cockroaches
  15 goblins
  8 hobgoblins
  A jackal (D:4)
  27 kobolds
  2 quokkas
  5 ball pythons
  4 bats
  3 frilled lizards
  6 rats
480 creatures vanquished.

Vanquished Creatures (others)
  23 fungi
  52 plants
75 creatures vanquished.

Grand Total: 555 creatures vanquished

Notes
Turn   | Place    | Note
-------+----------+-------------------------------------------
     0 | D:1      | Kazon the Ogre Gladiator began the quest for the Orb.
     0 | D:1      | Reached XP level 1. HP: 22/22 MP: 1/1
    34 | D:1      | Identified a scroll of acquirement
    34 | D:1      | Acquired the +1 cloak "Sameig" {rN++ Str+2 SInv}
   224 | D:1      | Reached XP level 2. HP: 29/29 MP: 2/2
   945 | D:2      | Reached XP level 3. HP: 30/37 MP: 3/3
  1312 | D:2      | Reached XP level 4. HP: 17/45 MP: 4/4
  1820 | D:3      | Found Umat's Antique Weapon Boutique.
  1829 | D:3      | Bought a glowing flail for 149 gold pieces
  1886 | D:3      | Reached XP level 5. HP: 48/53 MP: 5/5
  1938 | D:3      | Noticed Robin
  1959 | D:3      | Killed Robin
  2514 | D:3      | Reached skill level 5 in Maces & Flails
  2514 | D:3      | Reached skill level 5 in Dodging
  2514 | D:3      | Reached XP level 6. HP: 68/68 MP: 6/6
  3191 | D:4      | Reached XP level 7. HP: 73/78 MP: 7/7
  3465 | D:4      | Found a hazy altar of Hepliaklqana.
  3820 | D:5      | Entered Level 5 of the Dungeon
  3897 | D:5      | Reached XP level 8. HP: 87/87 MP: 8/8
  3901 | D:5      | Noticed Eustachio
  3917 | D:5      | Killed Eustachio
  3918 | D:5      | Reached skill level 1 in Evocations
  4053 | D:5      | Noticed Menkaure
  4063 | D:5      | Killed Menkaure
  4737 | D:5      | Reached skill level 5 in Throwing
  4928 | D:6      | Reached XP level 9. HP: 39/93 MP: 9/9
  5210 | D:7      | Found a staircase to the Ecumenical Temple.
  5224 | Temple   | Entered the Ecumenical Temple
  5231 | Temple   | Became a worshipper of Warmaster Okawaru
  5491 | D:7      | Found a hide-covered altar of Uskayaw.
  5612 | D:6      | Reached * piety under Okawaru
  5737 | D:6      | Noticed Edmund
  5744 | D:6      | Reached skill level 1 in Invocations
  5752 | D:6      | Killed Edmund
  6105 | D:6      | Reached XP level 10. HP: 94/104 MP: 11/11
  6107 | D:6      | Reached ** piety under Okawaru
  6123 | D:6      | Noticed Maggie
  6148 | D:6      | Killed Maggie
  6635 | D:7      | Found a white marble altar of Elyvilon.
  7101 | D:8      | Found Quzidd's Magic Scroll Emporium.
  7106 | D:8      | Bought a scroll of teleportation for 42 gold pieces
  7299 | D:8      | Reached *** piety under Okawaru
  7352 | D:8      | Found Heidghoki's Jewellery Shop.
  7559 | D:8      | Found Esumer's Weapon Shop.
  7891 | D:8      | Found Zoxtaeshakh's Jewellery Boutique.
  8501 | D:9      | Noticed Prince Ribbit
  8526 | D:9      | Killed Prince Ribbit
  8859 | D:9      | Noticed a two-headed ogre
  8874 | D:9      | Killed a two-headed ogre
  8874 | D:9      | Reached **** piety under Okawaru
  8875 | D:9      | Reached XP level 11. HP: 16/113 MP: 12/14
  9222 | D:10     | Entered Level 10 of the Dungeon
  9265 | D:10     | Found a staircase to the Lair.
  9337 | D:10     | Noticed Erolcha
  9349 | D:10     | Killed Erolcha
  9368 | D:10     | Identified the +5 long sword of the Land of Plenty {drain,
                  | Dex+3}
  9393 | D:10     | Found Juagoaq's Book Shoppe.
  9797 | D:10     | Reached ***** piety under Okawaru
  9923 | D:10     | Received a gift from Okawaru
  9924 | D:10     | Reached skill level 5 in Invocations
 10615 | D:11     | Noticed a sun demon
 10638 | D:11     | Received a gift from Okawaru
 10639 | D:11     | Noticed a sixfirhy
 10705 | D:11     | Noticed a green ugly thing
 10717 | D:10     | Killed a green ugly thing
 10717 | D:10     | Received a gift from Okawaru
 10994 | D:11     | Identified the +0 kite shield "Ciolluibet" {Contam Rampage
                  | *Slow Int+9} (Okawaru gifted it to you on level 11 of the
                  | Dungeon)
 10994 | D:11     | Received a gift from Okawaru
 11012 | D:11     | Reached XP level 12. HP: 41/123 MP: 16/16
 11668 | D:12     | Noticed a two-headed ogre
 11676 | D:12     | Killed a two-headed ogre
 11690 | D:12     | Noticed Lodul
 11700 | D:12     | Reached skill level 5 in Evocations
 11708 | D:12     | Killed Lodul
 11855 | D:8      | Bought the amulet "Odemouw" {Contam rPois rF+++ Regen+
                  | Stlth+} for 734 gold pieces
 11924 | Lair:1   | Entered Level 1 of the Lair of Beasts
 11943 | Lair:1   | HP: 3/124 [black mamba (6)]
 11950 | Lair:1   | Reached skill level 1 in Shields
 12160 | Lair:1   | Found the +2 Maxwell's thermic engine {flame, freeze}
 12536 | Lair:1   | Reached skill level 10 in Fighting
 12712 | Lair:1   | Reached skill level 10 in Maces & Flails
 12885 | Lair:2   | Noticed Fannar
 12901 | Lair:2   | Noticed a catoblepas
 12938 | Lair:2   | Killed a catoblepas
 12954 | Lair:2   | Killed Fannar
 12954 | Lair:2   | Received a gift from Okawaru
 13236 | Lair:2   | Reached XP level 13. HP: 79/135 MP: 19/19
 13659 | Lair:2   | Reached ****** piety under Okawaru
 13890 | Lair:3   | Received a gift from Okawaru
 13890 | Lair:3   | Found the +3 robe of Clouds {*Thunder rCloud rElec}
 13976 | Lair:3   | Found a staircase to the Shoals.
 14200 | Lair:3   | Found a hole to the Spider Nest.
 14400 | Lair:3   | Found an ancient bone altar of Kikubaaqudgha.
 14655 | Lair:4   | Reached skill level 5 in Stealth
 14710 | Lair:4   | Gained mutation: You have a beak for a mouth. [potion of
                  | mutation]
 14811 | Lair:4   | Found a viscous altar of Jiyva.
 14811 | Lair:4   | Found a staircase to the Slime Pits.
 14952 | Lair:4   | Identified the +3 battleaxe "Adididghufym" {antimagic, rF+
                  | Will+}
 15234 | Lair:5   | Entered Level 5 of the Lair of Beasts
 15371 | Lair:5   | Received a gift from Okawaru
 15530 | Lair:5   | Reached XP level 14. HP: 37/146 MP: 20/20
 16202 | Lair:5   | Received a gift from Okawaru
 17007 | D:12     | Noticed Nessos
 17018 | D:12     | Killed Nessos
 17116 | D:12     | Found a staircase to the Orcish Mines.
 17289 | D:12     | Identified the +1 cloak "Qeduplir" {Contam rN+ Will+}
                  | (Okawaru gifted it to you on level 12 of the Dungeon)
 17289 | D:12     | Received a gift from Okawaru
 17437 | D:12     | Noticed Rupert
 17446 | D:12     | Paralysed by Rupert for 3 turns
 17448 | D:12     | Killed Rupert
 17449 | D:12     | Reached skill level 10 in Invocations
 17569 | D:12     | Gained mutation: You are dopey. (Int -2) [mutagenic glow]
 17614 | D:13     | Noticed Azrael
 17628 | D:13     | Killed Azrael
 17813 | D:13     | Slain by a ten-headed hydra

Illustrated notes

Levels and vault maps discovered:
D:1:      dpeg_arrival_three_smaller_balls, layout_basic
D:2:      layout_loops_ring
D:3:      layout_basic, serial_shops, nicolae_shop_stone, st_stairs_9,
          minmay_misc_feat_doors, eino_curves_03, uniq_robin
D:4:      minmay_wonky_spiral, layout_basic,
          mainiacjoe_overflow_surrounded_room, minivault_5
D:5:      layout_cave_pods, uniq_menkaure, uniq_eustachio
D:6:      cheibrodos_barr_body, layout_basic, minmay_crystal_room,
          minmay_pentangle, uniq_maggie, uniq_edmund
D:7:      layout_cave_pools, nicolae_uskayaw_murder_on_the_dancefloor,
          elyvilon_altar_4, minmay_temple_entry_purple_smoke
D:8:      layout_basic, serial_shops, shop_statue, kennysheep_little_box, shop,
          nicolae_shop_window_shopping
D:9:      layout_cave_pools, uniq_prince_ribbit1
D:10:     layout_stronghold, erik_lair_island, serial_shops,
          nicolae_shop_statue_plus, uniq_erolcha
D:11:     layout_roguey
D:12:     layout_loops_ring, orc_0_dummy, chequers_serial_rivers_marsh,
          uniq_lodul, uniq_nessos, uniq_rupert
D:13:     layout_gridville, david_vaults_5, serial_shops,
          nicolae_shop_behind_doors, minmay_fractal_squares_gapless_5,
          uniq_azrael
Temple:   nicolae_temple_bog_church
Lair:1:   layout_long_grid, fungi_pond_lemuel, cheibrodos_lair_reptile_den
Lair:2:   layout_gridlike, uniq_fannar
Lair:3:   layout_roguey, minmay_shoals_entry_hut,
          nicolae_spider_entry_non_spiders, basic_altar, serial_bayou_crossing
Lair:4:   layout_gridlike, slime_entry_1, serial_rivers,
          chequers_serial_rivers_room_a, chequers_serial_rivers_micro_c,
          chequers_serial_rivers_room_a, chequers_serial_rivers_micro_e,
          minivault_27, grunt_megastairs_3, infiniplex_staircase_pool_2
Lair:5:   evilmike_catoblepas_cave, layout_long_grid

Skill      XL: |  1  2  3  4  5  6  7  8  9 10 11 12 13 14 |
---------------+-------------------------------------------+-----
Maces & Flails | 3 5 6 7 8 9 10 11 | 11.4
Dodging        | 3 5 6 7 8 |  8.8
Fighting       | 3 6 7 8 9 10 11 | 11.9
Short Blades   | 3 4 |  4.8
Ranged Weapons | 2 3 |  3.1
Throwing       | 4 5 6 7 8 |  8.1
Armour         | 3 4 |  4.6
Stealth        | 3 4 5 |  5.8
Evocations     | 1 2 3 4 5 7 |  7.8
Invocations    | 1 4 5 8 9 10 | 10.1
Shields        | 1 3 4 |  4.0
Axes           | |  0.5

Action                   |  1- 3 |  4- 6 |  7- 9 | 10-12 | 13-15 || total
-------------------------+-------+-------+-------+-------+-------++-------
Melee: Flail             |    83 |    83 |   284 |   761 |   354 ||  1565
       Dagger            |       |    48 |     1 |    69 |   175 ||   293
       Punch             |       |       |     4 |    12 |       ||    16
       Peck              |       |       |       |       |   111 ||   111
       Executioner's axe |       |       |       |       |    25 ||    25
 Fire: Sling             |       |    23 |       |       |       ||    23
Throw: Stone             |     1 |     6 |    45 |    75 |       ||   127
       Boomerang         |       |       |     3 |    47 |   115 ||   165
       Dart              |       |       |       |    40 |    17 ||    57
       Javelin           |       |       |       |     1 |    10 ||    11
Invok: Heroism           |       |       |       |     6 |     3 ||     9
       Finesse           |       |       |       |     2 |     1 ||     3
Evoke: Wand              |       |       |       |    25 |     3 ||    28
       Lightning rod     |       |       |       |       |     3 ||     3
  Use: Scroll            |     1 |       |     4 |     3 |    10 ||    18
       Potion            |       |     1 |     4 |     5 |     1 ||    11
 Stab: Sleeping          |       |       |     6 |    11 |    18 ||    35
       Paralysed         |       |       |       |     7 |     5 ||    12
Armor: Robe              |    35 |    42 |   160 |     3 |   114 ||   354
       Acid dragon scale |       |       |       |   289 |     9 ||   298
       Skin              |       |       |       |     9 |       ||     9
       Troll leather arm |       |       |       |    20 |       ||    20
Dodge: Dodged            |    61 |    93 |   191 |   375 |   229 ||   949
Block: Kite shield       |       |       |       |    64 |   167 ||   231
